[Event "3rd Memorial Warakomska 2019"]
[Site "Suwalki"]
[Date "2019.08.12"]
[Round "9.23"]
[White "Gurbanov, Andrei"]
[Black "Korbal, Arkadiusz"]
[Result "1-0"]
[ECO "A61"]
[WhiteElo "2305"]
[BlackElo "2178"]
[Annotator "ChessBase"]
[PlyCount "81"]
[EventDate "2019.08.05"]
[EventType "swiss"]
[EventCountry "POL"]
[SourceTitle "playchess.com"]
[Source "ChessBase"]
[SourceQuality "1"]
[TimeControl "40/5400+30:1800+30"]

1. d4 Nf6 2. c4 e6 3. Nf3 c5 4. d5 exd5 5. cxd5 d6 6. Nc3 g6 7. Bf4 Bg7 8. Qa4+ Bd7 9. Qb3 Qc7 10. e4 O-O 11. Be2 Nh5 12. Be3 a6 13. a4 Bg4 14. h3 Bxf3 15. Bxf3 Nf6 16. O-O Nbd7 17. g3 Rab8 18. Bg2 b5 19. axb5 axb5 20. Ra6 b4 21. Nb1 Rb6 22. Ra4 Rb7 23. Nd2 Nb6 24. Ra6 c4 25. Qc2 Nfd7 26. Rc1 Rc8 27. Bf1 c3 28. bxc3 Bxc3 29. Nb3 Ra7 30. Qe2 Rxa6 31. Qxa6 Nc4 32. Bd4 Nce5 33. Kg2 Qb8 34. f4 Nc5 35. Bxc5 dxc5 36. fxe5 Bxe5 37. Rxc5 Rxc5 38. Nxc5 b3 39. Qb7 b2 40. Qxb8+ Bxb8 41. Bd3 1-0

[Event "3rd Memorial Warakomska 2019"]
[Site "Suwalki"]
[Date "2019.08.12"]
[Round "9.24"]
[White "Budrewicz, Krzysztof"]
[Black "Efroimski, Marsel"]
[Result "0-1"]
[ECO "A40"]
[WhiteElo "2188"]
[BlackElo "2318"]
[Annotator "NA"]
[PlyCount "48"]
[EventDate "2019.08.05"]
[EventType "swiss"]
[EventCountry "POL"]
[SourceTitle "playchess.com"]
[Source "ChessBase"]
[SourceQuality "1"]
[TimeControl "40/5400+30:1800+30"]

1. d4 e6 2. c4 b6 3. Nf3 Bb7 4. g3 Bb4+ 5. Nbd2 Nc6 6. a3 Bxd2+ 7. Qxd2 Qf6 $11 8. Rg1 Na5 9. Qc3 c5 10. Bg5 Qg6 11. Be3 cxd4 12. Nxd4 Rc8 13. b3 Ne7 14. Qb2 Qf6 15. h4 Nf5 16. Bg2 Bxg2 17. Rxg2 Nxb3 18. Rd1 Nbxd4 19. Bxd4 Nxd4 20. Qxd4 Qxd4 21. Rxd4 Ke7 22. g4 Rc5 23. Kd2 Rhc8 24. Kd3 Ra5 0-1

[Event "3rd Memorial Warakomska 2019"]
[Site "Suwalki"]
[Date "2019.08.12"]
[Round "9.25"]
[White "Fiedorek, Michal"]
[Black "Suliborski, Jakub"]
[Result "1/2-1/2"]
[ECO "B83"]
[WhiteElo "2241"]
[BlackElo "2131"]
[Annotator "ChessBase"]
[PlyCount "69"]
[EventDate "2019.08.05"]
[EventType "swiss"]
[EventCountry "POL"]
[SourceTitle "playchess.com"]
[Source "ChessBase"]
[SourceQuality "1"]
[TimeControl "40/5400+30:1800+30"]

1. e4 c5 2. Nf3 d6 3. d4 cxd4 4. Nxd4 Nf6 5. Nc3 e6 6. Be2 Be7 7. O-O O-O 8. f4 e5 9. Nb3 Bd7 10. Kh1 Bc6 11. Bd3 Nbd7 12. Qf3 exf4 13. Qxf4 Ne5 14. Nd4 g6 15. Be2 Qb6 16. Ndb5 Nh5 17. Qf2 Qxf2 18. Rxf2 Ng7 19. Be3 a6 20. Nc7 Rac8 21. N7d5 Bh4 22. Nf6+ Kh8 23. Rff1 Ne8 24. Nxe8 Rfxe8 25. Rad1 Be7 26. Bb6 Kg7 27. Rd2 Nd7 28. Bd4+ Bf6 29. Bg4 Bxd4 30. Rxd4 Rcd8 31. Rxd6 Ne5 32. Rxd8 Rxd8 33. Rd1 Rxd1+ 34. Bxd1 Nc4 35. b3 1/2-1/2

[Event "3rd Memorial Warakomska 2019"]
[Site "Suwalki"]
[Date "2019.08.12"]
[Round "9.27"]
[White "Szpar, Milosz"]
[Black "Klimkowski, Jan"]
[Result "1/2-1/2"]
[ECO "B53"]
[WhiteElo "2289"]
[BlackElo "1985"]
[Annotator "ChessBase"]
[PlyCount "115"]
[EventDate "2019.08.05"]
[EventType "swiss"]
[EventCountry "POL"]
[SourceTitle "playchess.com"]
[Source "ChessBase"]
[SourceQuality "1"]
[TimeControl "40/5400+30:1800+30"]

1. e4 c5 2. Nf3 d6 3. d4 cxd4 4. Qxd4 Nc6 5. Bb5 Bd7 6. Bxc6 Bxc6 7. Nc3 Nf6 8. Bg5 e6 9. O-O-O Be7 10. Qd3 Qa5 11. h4 O-O 12. Nd4 h6 13. f4 Rfc8 14. g4 Qa6 15. Qg3 Nxe4 16. Nxe4 Bxe4 17. Bxe7 Bxh1 18. g5 Be4 19. gxh6 g6 20. Re1 Qd3 21. Qxd3 Bxd3 22. Kd2 Bf5 23. Bf6 Kh7 24. Bg7 Bg4 25. a4 a6 26. Re3 Re8 27. Nb3 Rac8 28. a5 e5 29. fxe5 dxe5 30. Bxe5 Kxh6 31. Nc5 Red8+ 32. Nd3 Bf5 33. Bf6 Rd6 34. Bg5+ Kh5 35. Re7 Rd7 36. Rxd7 Bxd7 37. Nf4+ Kg4 38. Nd5 Be6 39. Nf6+ Kf3 40. b4 Bf5 41. c3 Rd8+ 42. Kc1 Ke2 43. Kb2 Kd3 44. Ne4 Re8 45. Nc5+ Kc4 46. Nxb7 Re2+ 47. Ka3 Kxc3 48. Bf6+ Kd3 49. b5 axb5 50. Kb4 Ra2 51. Kxb5 Ke3 52. Kb6 Kf4 53. a6 Be4 54. Nd6 Bd5 55. a7 Kg4 56. Kc5 Be6 57. Kb6 Bd5 58. Kc5 1/2-1/2

[Event "3rd Memorial Warakomska 2019"]
[Site "Suwalki"]
[Date "2019.08.12"]
[Round "9.29"]
[White "Zakrzewski, Marek"]
[Black "Jankowiak, Tomasz"]
[Result "1-0"]
[ECO "A22"]
[WhiteElo "2311"]
[BlackElo "2104"]
[Annotator "NA"]
[PlyCount "59"]
[EventDate "2019.08.05"]
[EventType "swiss"]
[EventCountry "POL"]
[SourceTitle "playchess.com"]
[Source "ChessBase"]
[SourceQuality "1"]
[TimeControl "40/5400+30:1800+30"]

1. c4 e5 2. Nc3 Nf6 3. g3 d5 4. cxd5 Nxd5 5. Bg2 Nb6 6. Nf3 Nc6 7. O-O Be7 8. d3 O-O 9. Be3 Re8 10. Rc1 Bf8 11. a3 Bf5 12. Na4 Nd4 13. Nc5 Bxc5 14. Rxc5 $11 Bg4 15. Re1 Bxf3 16. exf3 c6 17. b4 Qd7 18. Bxd4 Qxd4 19. Re4 Qb2 20. Qe1 Qxa3 21. Rcxe5 Rxe5 22. Rxe5 Nd7 23. Re7 Qxd3 24. Bf1 Qd5 25. Qe4 Qd1 26. Kg2 Nf6 27. Qc4 Nd5 28. Rxb7 Qd2 29. Qxc6 Nxb4 30. Rxb4 1-0

[Event "3rd Memorial Warakomska 2019"]
[Site "Suwalki"]
[Date "2019.08.12"]
[Round "9.30"]
[White "Hoffmann, Yair"]
[Black "Czopor, Maciej"]
[Result "1/2-1/2"]
[ECO "A46"]
[WhiteElo "2099"]
[BlackElo "2250"]
[Annotator "ChessBase"]
[PlyCount "104"]
[EventDate "2019.08.05"]
[EventType "swiss"]
[EventCountry "POL"]
[SourceTitle "playchess.com"]
[Source "ChessBase"]
[SourceQuality "1"]
[TimeControl "40/5400+30:1800+30"]

1. d4 Nf6 2. Nf3 e6 3. Bf4 b6 4. e3 Bb7 5. Nbd2 Be7 6. h3 O-O 7. Bd3 c5 8. c3 d6 9. Qe2 Nbd7 10. O-O Qc7 11. Bh2 Rac8 12. a4 Rfe8 13. Rfe1 Bf8 14. a5 bxa5 15. Nc4 cxd4 16. exd4 Bd5 17. Nxa5 Rb8 18. Nc4 Rec8 19. Na3 Qb6 20. Rab1 a5 21. Nb5 Bc6 22. Na3 Bd5 23. Nb5 g6 24. c4 Bc6 25. c5 dxc5 26. Bxb8 Rxb8 27. dxc5 Nxc5 28. Nbd4 Bd5 29. Bb5 Nfe4 30. Bc4 Ba8 31. Nb5 Bg7 32. Qc2 Bc6 33. Nbd4 Ba8 34. Nb5 Bc6 35. Nbd4 Bb7 36. Nb5 Rc8 37. Qe2 a4 38. Nbd4 Nd6 39. Red1 Nxc4 40. Qxc4 Ba6 41. Qc2 e5 42. Ne2 Nd3 43. Nc3 e4 44. Ng5 f5 45. h4 h6 46. Nh3 a3 47. bxa3 Qc6 48. Qa2+ Bc4 49. Qd2 Ra8 50. Ne2 Rxa3 51. Nef4 Ra2 52. Qe3 Kh7 1/2-1/2

[Event "3rd Memorial Warakomska 2019"]
[Site "Suwalki"]
[Date "2019.08.12"]
[Round "9.31"]
[White "Lis, Mateusz"]
[Black "Antolak, Julia"]
[Result "0-1"]
[ECO "B80"]
[WhiteElo "2007"]
[BlackElo "2258"]
[Annotator "NA"]
[PlyCount "84"]
[EventDate "2019.08.05"]
[EventType "swiss"]
[EventCountry "POL"]
[SourceTitle "playchess.com"]
[Source "ChessBase"]
[SourceQuality "1"]
[TimeControl "40/5400+30:1800+30"]

1. e4 c5 2. Nf3 e6 3. d4 cxd4 4. Nxd4 Nf6 5. Nc3 d6 6. Qf3 Nc6 7. Nxc6 bxc6 8. Be2 Be7 9. Qg3 O-O 10. O-O Kh8 11. Rd1 Qb6 12. b3 e5 13. a4 a5 14. Ba3 Rd8 15. Rd2 Be6 16. Rad1 Ne8 17. Bg4 Bxg4 18. Qxg4 Ra7 19. Rd3 Kg8 20. Ne2 Nf6 21. Qf5 d5 22. Bxe7 Rxe7 23. c4 d4 24. Rg3 c5 25. Nc1 Re6 26. Re1 d3 27. Nxd3 Qxb3 28. Qg5 g6 29. Nxe5 Rd1 30. Rge3 Qxa4 31. f4 Qa1 32. Qg3 Red6 33. Nf3 Rxe1+ 34. Rxe1 Rd1 35. e5 Ne4 36. Rxd1 Qxd1+ 37. Qe1 Qxe1+ 38. Nxe1 Nd2 39. Nd3 a4 40. Kf2 Nb3 41. Ne1 a3 42. Nc2 a2 0-1

[Event "3rd Memorial Warakomska 2019"]
[Site "Suwalki"]
[Date "2019.08.12"]
[Round "9.32"]
[White "Shpanko, Nadiia"]
[Black "Praczukowski, Stanislaw"]
[Result "1/2-1/2"]
[ECO "A13"]
[WhiteElo "2132"]
[BlackElo "2166"]
[Annotator "NA"]
[PlyCount "81"]
[EventDate "2019.08.05"]
[EventType "swiss"]
[EventCountry "POL"]
[SourceTitle "playchess.com"]
[Source "ChessBase"]
[SourceQuality "1"]
[TimeControl "40/5400+30:1800+30"]

1. c4 e6 2. g3 d5 3. Bg2 Nf6 4. Nf3 dxc4 5. Qa4+ Bd7 6. Qxc4 c5 7. Ne5 Qc8 8. Qd3 Nc6 9. Nxd7 Qxd7 10. Qb3 Be7 11. O-O O-O 12. Nc3 Rfd8 13. d3 Rac8 14. Qa4 b6 15. Bg5 h6 16. Bf4 Nd5 17. Nxd5 exd5 18. e4 dxe4 19. dxe4 Qd4 20. Qb5 Qd3 21. a4 c4 22. Rfd1 Qxd1+ 23. Rxd1 Rxd1+ 24. Bf1 Nb4 25. Kg2 Nd3 26. Be3 Bf6 27. Be2 Rb1 28. Bxd3 cxd3 29. e5 Bg5 30. Bxg5 hxg5 31. Qd7 Rf8 32. Qxd3 Rxb2 33. Qc3 Ra2 34. Qc4 Rd2 35. e6 fxe6 36. Qxe6+ Kh7 37. Qh3+ Kg6 38. Qe6+ Rf6 39. Qe8+ Kh6 40. Qh8+ Kg6 41. Qe8+ 1/2-1/2

[Event "3rd Memorial Warakomska 2019"]
[Site "Suwalki"]
[Date "2019.08.12"]
[Round "9.33"]
[White "Bachor, Tomasz"]
[Black "Jaroch, Karol"]
[Result "0-1"]
[ECO "B84"]
[WhiteElo "2022"]
[BlackElo "2221"]
[Annotator "ChessBase"]
[PlyCount "88"]
[EventDate "2019.08.05"]
[EventType "swiss"]
[EventCountry "POL"]
[SourceTitle "playchess.com"]
[Source "ChessBase"]
[SourceQuality "1"]
[TimeControl "40/5400+30:1800+30"]

1. e4 c5 2. Nf3 d6 3. d4 cxd4 4. Nxd4 Nf6 5. Nc3 a6 6. Be2 e6 7. Be3 Be7 8. a4 Qc7 9. O-O O-O 10. f4 Nc6 11. Kh1 Bd7 12. Bf3 Na5 13. g4 Rfd8 14. g5 Ne8 15. f5 Nc4 16. Bc1 Ne5 17. Bg2 Qc4 18. Be3 Nc6 19. Nde2 Ne5 20. Nd4 b5 21. Qh5 g6 22. Qh4 bxa4 23. Nce2 Rab8 24. b3 axb3 25. cxb3 Rxb3 26. Nxb3 Qxb3 27. fxe6 Bxe6 28. Bf4 Qc4 29. Ng3 Nd3 30. Bd2 Qc5 31. Ne2 Bc4 32. Ra5 Qb6 33. Ra4 Qb2 34. Ba5 Bb5 35. Bc3 Qxe2 36. Rxf7 h5 37. Bf3 Nf2+ 38. Kg2 Qf1+ 39. Kg3 Qg1+ 40. Bg2 Nh1+ 41. Kf3 Bxa4 42. Bh3 Bd1+ 43. Kf4 Bxg5+ 44. Qxg5 Qf2# 0-1

[Event "3rd Memorial Warakomska 2019"]
[Site "Suwalki"]
[Date "2019.08.12"]
[Round "9.34"]
[White "Advait, Bagri"]
[Black "Bukojemski, Adam"]
[Result "0-1"]
[ECO "B30"]
[WhiteElo "1968"]
[BlackElo "2225"]
[Annotator "NA"]
[PlyCount "109"]
[EventDate "2019.08.05"]
[EventType "swiss"]
[EventCountry "POL"]
[SourceTitle "playchess.com"]
[Source "ChessBase"]
[SourceQuality "1"]
[TimeControl "40/5400+30:1800+30"]

1. e4 c5 2. Nf3 Nc6 3. Bb5 Nd4 4. Bc4 e6 5. c3 b5 6. Bd3 Nxf3+ 7. Qxf3 a6 8. O-O Bb7 9. a4 b4 10. Bc2 Qc7 11. d3 Bd6 12. h3 f5 13. Qe2 fxe4 14. dxe4 Nf6 15. Nd2 O-O 16. Kh1 bxc3 17. bxc3 Be5 18. Nc4 Bxc3 19. Ra3 Bd4 20. e5 Qc6 21. Rg3 Ne4 22. Bxe4 Qxe4 23. Qd2 Qh4 24. Kh2 Rab8 25. a5 Bd5 26. Nb6 Bc6 27. f4 Qe7 28. Bb2 Bb5 29. Rff3 Bxb2 30. Qxb2 Rf7 31. Rg5 Rbf8 32. Qd2 Bc6 33. Rfg3 Rxf4 34. Nc8 Rxc8 35. Qxf4 g6 36. Qh4 Qg7 37. Qf4 Rb8 38. Qe3 Rb5 39. h4 Rb4 40. h5 Rh4+ 41. Kg1 Qf8 42. hxg6 h6 43. g7 Qb8 44. R5g4 Qb1+ 45. Kf2 Rh1 46. Qd2 Rf1+ 47. Ke3 Qf5 48. Qe2 Bb5 49. Qxf1 Bxf1 50. Rg6 Bd3 51. R6g4 c4 52. Kd4 Qf2+ 53. Kc3 Bf5 54. Rg6 Qc2+ 55. Kd4 0-1

[Event "3rd Memorial Warakomska 2019"]
[Site "Suwalki"]
[Date "2019.08.12"]
[Round "9.35"]
[White "Bai, Adelard"]
[Black "Pniaczek, Marek"]
[Result "1/2-1/2"]
[ECO "E83"]
[WhiteElo "2113"]
[BlackElo "2276"]
[Annotator "ChessBase"]
[PlyCount "68"]
[EventDate "2019.08.05"]
[EventType "swiss"]
[EventCountry "POL"]
[SourceTitle "playchess.com"]
[Source "ChessBase"]
[SourceQuality "1"]
[TimeControl "40/5400+30:1800+30"]

1. d4 Nf6 2. c4 g6 3. f3 Bg7 4. e4 d6 5. Nc3 O-O 6. Be3 Nc6 7. Nge2 Bd7 8. Qd2 Re8 9. Rc1 a6 10. Nd1 b5 11. c5 dxc5 12. Rxc5 e5 13. d5 Ne7 14. Qc3 Rc8 15. Ng3 Rf8 16. Be2 Ne8 17. O-O Nd6 18. Qe1 f5 19. exf5 Nexf5 20. Nxf5 gxf5 21. f4 exf4 22. Rxf4 Ne4 23. Rc1 c6 24. dxc6 Rxc6 25. Nc3 Nxc3 26. bxc3 Re8 27. Bh5 Rce6 28. Bxe8 Qxe8 29. Kf2 Bh6 30. Qd2 Bc6 31. Re1 Bxf4 32. Bxf4 Be4 33. Re3 Rg6 34. Rg3 Qc6 1/2-1/2

[Event "3rd Memorial Warakomska 2019"]
[Site "Suwalki"]
[Date "2019.08.12"]
[Round "9.36"]
[White "Szczurek, Krzysztof"]
[Black "Czerw, Dawid"]
[Result "0-1"]
[ECO "B22"]
[WhiteElo "2104"]
[BlackElo "2326"]
[Annotator "ChessBase"]
[PlyCount "212"]
[EventDate "2019.08.05"]
[EventType "swiss"]
[EventCountry "POL"]
[SourceTitle "playchess.com"]
[Source "ChessBase"]
[SourceQuality "1"]
[TimeControl "40/5400+30:1800+30"]

1. e4 c5 2. c3 d5 3. exd5 Qxd5 4. d4 Nf6 5. Nf3 e6 6. Na3 Be7 7. Nb5 Na6 8. Be3 O-O 9. Be2 Qd8 10. dxc5 Bxc5 11. Bxc5 Nxc5 12. Qxd8 Rxd8 13. O-O Bd7 14. Ne5 Bxb5 15. Bxb5 a6 16. Bc4 Na4 17. Rab1 Ne4 18. Bb3 Nac5 19. Nf3 Nxb3 20. axb3 Nd2 21. Nxd2 Rxd2 22. Rfd1 Rad8 23. Rxd2 Rxd2 24. g4 h5 25. gxh5 Kf8 26. Kg2 Rd5 27. b4 Rg5+ 28. Kf3 Rxh5 29. Kg3 Rd5 30. f3 Rd2 31. h4 Ke7 32. b3 Rc2 33. c4 Rc3 34. Kf2 g6 35. Rb2 Rd3 36. Rb1 Rd2+ 37. Kg3 Kf6 38. Rc1 Rd3 39. c5 Rxb3 40. c6 bxc6 41. Rxc6 Rxb4 42. Rxa6 Kf5 43. Ra7 f6 44. Ra5+ e5 45. Rc5 Rd4 46. Rc6 Rd7 47. Ra6 Re7 48. Rb6 Re6 49. Rb5 Rd6 50. Rb7 Rd3 51. Rb5 Ke6 52. Rb6+ Rd6 53. Rb8 f5 54. Re8+ Kf6 55. Rf8+ Kg7 56. Re8 Rd5 57. Kg2 Kf7 58. Ra8 Rd2+ 59. Kg1 Rd4 60. Rh8 Kg7 61. Re8 e4 62. h5 gxh5 63. fxe4 Rxe4 64. Ra8 Kf6 65. Kg2 Kg5 66. Rg8+ Kf4 67. Rh8 Re2+ 68. Kf1 Rh2 69. Kg1 Rh3 70. Kg2 Rg3+ 71. Kf2 Rg5 72. Rh7 Kg4 73. Rh6 h4 74. Kg2 Rg8 75. Rh7 Ra8 76. Rg7+ Kf4 77. Rb7 Ra3 78. Rb4+ Kg5 79. Rb8 Rg3+ 80. Kf2 Kg4 81. Rg8+ Kf4 82. Rh8 Rf3+ 83. Ke2 Rh3 84. Kf2 Rh2+ 85. Kg1 Ra2 86. Rb8 Kg4 87. Rg8+ Kf3 88. Rg5 f4 89. Rb5 Kg4 90. Rb8 Kg3 91. Rg8+ Kf3 92. Rb8 Ra1+ 93. Kh2 Re1 94. Rf8 Ke3 95. Kg2 h3+ 96. Kxh3 f3 97. Re8+ Kd2 98. Rd8+ Ke2 99. Re8+ Kf1 100. Rf8 f2 101. Kg3 Re3+ 102. Kh2 Ke1 103. Kg2 Re7 104. Rf6 Rg7+ 105. Kh2 f1=Q 106. Re6+ Qe2+ 0-1

[Event "3rd Memorial Warakomska 2019"]
[Site "Suwalki"]
[Date "2019.08.12"]
[Round "9.37"]
[White "Chan, Kim Yew"]
[Black "Kukula, Pawel"]
[Result "1-0"]
[ECO "A96"]
[WhiteElo "2276"]
[BlackElo "2209"]
[Annotator "ChessBase"]
[PlyCount "85"]
[EventDate "2019.08.05"]
[EventType "swiss"]
[EventCountry "POL"]
[SourceTitle "playchess.com"]
[Source "ChessBase"]
[SourceQuality "1"]
[TimeControl "40/5400+30:1800+30"]

1. d4 e6 2. Nf3 f5 3. g3 Nf6 4. Bg2 Be7 5. O-O O-O 6. c4 d6 7. Nc3 Ne4 8. Qc2 Nxc3 9. Qxc3 a5 10. Re1 Nc6 11. e4 e5 12. dxe5 dxe5 13. c5 Bf6 14. exf5 Bxf5 15. Nd2 Kh8 16. Ne4 Nd4 17. Be3 Bxe4 18. Bxe4 c6 19. Kg2 Qc7 20. h4 Rad8 21. h5 Ne6 22. Qc2 h6 23. Bf5 Qe7 24. Rad1 Rd5 25. Qc4 Rfd8 26. Qg4 Nf8 27. Be4 Qf7 28. Bxd5 cxd5 29. Bd2 d4 30. Bxa5 Ra8 31. b4 Qxa2 32. Qf3 Qf7 33. Rxe5 Nh7 34. Qd5 Qf8 35. Rf5 Qe7 36. Rxd4 Bxd4 37. Qxd4 Nf6 38. Qe3 Qf7 39. Qf3 Re8 40. b5 Qc4 41. Bc3 Nd7 42. Rf7 Ne5 43. Rf8+ 1-0

[Event "3rd Memorial Warakomska 2019"]
[Site "Suwalki"]
[Date "2019.08.12"]
[Round "9.38"]
[White "Szostko, Jakub"]
[Black "Dzhuguryan, Tygran"]
[Result "1-0"]
[ECO "B11"]
[WhiteElo "2245"]
[BlackElo "2230"]
[Annotator "NA"]
[PlyCount "102"]
[EventDate "2019.08.05"]
[EventType "swiss"]
[EventCountry "POL"]
[SourceTitle "playchess.com"]
[Source "ChessBase"]
[SourceQuality "1"]
[TimeControl "40/5400+30:1800+30"]

1. e4 c6 2. Nc3 d5 3. Nf3 Bg4 4. h3 Bxf3 5. Qxf3 Nf6 6. Be2 e6 7. O-O Qb6 8. Rd1 d4 9. Nb1 Nbd7 10. d3 Qc7 11. Bf1 h5 12. Nd2 g6 13. Nc4 e5 14. a4 Bh6 15. Bxh6 Rxh6 16. h4 Kf8 17. g3 Kg7 18. a5 Rhh8 19. Bh3 b5 20. Nd2 Nc5 21. Rf1 Na4 22. b3 Nc3 23. Qg2 Nh7 24. f4 f6 25. Rf2 Raf8 26. Nf3 c5 27. Raf1 Qd6 28. Qh2 Rhg8 29. fxe5 fxe5 30. g4 hxg4 31. Bxg4 Rf4 32. Nxe5 Rxf2 33. Rxf2 Rf8 34. Rxf8 Nxf8 35. Qf4 Qc7 36. Nxg6 Qxf4 37. Nxf4 Kf6 38. Kf2 Ke5 39. Kg3 Nh7 40. Ne6 c4 41. bxc4 bxc4 42. Nd8 cxd3 43. cxd3 Kd6 44. Kf4 Kc5 45. h5 Na2 46. Ne6+ Kb5 47. Nxd4+ Kxa5 48. h6 Nb4 49. Ke3 Ng5 50. Bh5 Kb6 51. Bg6 Nc2+ 1-0

[Event "3rd Memorial Warakomska 2019"]
[Site "Suwalki"]
[Date "2019.08.12"]
[Round "9.39"]
[White "Kubicka, Anna"]
[Black "Zaika, Daniil"]
[Result "0-1"]
[ECO "B20"]
[WhiteElo "2202"]
[BlackElo "2216"]
[Annotator "ChessBase"]
[PlyCount "100"]
[EventDate "2019.08.05"]
[EventType "swiss"]
[EventCountry "POL"]
[SourceTitle "playchess.com"]
[Source "ChessBase"]
[SourceQuality "1"]
[TimeControl "40/5400+30:1800+30"]

1. e4 c5 2. Ne2 d6 3. g3 d5 4. Bg2 dxe4 5. Bxe4 Nf6 6. Bg2 Nc6 7. O-O Bg4 8. h3 Bh5 9. d3 e6 10. Nbc3 Rc8 11. Be3 Be7 12. Qd2 Bxe2 13. Qxe2 Nd4 14. Qd2 Qb6 15. Rab1 O-O 16. f4 Rfd8 17. Kh2 Qa6 18. b3 b5 19. a4 b4 20. Ne2 Nf5 21. g4 Nh4 22. Ng3 c4 23. bxc4 Rxc4 24. Qf2 Rc7 25. Bh1 Qxa4 26. Rfc1 Rdc8 27. Ra1 Rxc2 28. Rxa4 Rxf2+ 29. Bxf2 Rxc1 30. Rxa7 Rc2 31. Rxe7 Kf8 32. Rb7 Rxf2+ 33. Kg1 Rb2 34. Ne4 Nxe4 35. Bxe4 Ng6 36. Bxg6 hxg6 37. Rb8+ Ke7 38. Rb7+ Ke8 39. Rb8+ Kd7 40. Rb7+ Kc6 41. Rxf7 b3 42. Re7 Rc2 43. Rxe6+ Kc5 44. Re5+ Kd4 45. Re6 b2 46. Rb6 Rc1+ 47. Kg2 b1=Q 48. Rxb1 Rxb1 49. Kg3 Kxd3 50. Kh4 Rb5 0-1

[Event "3rd Memorial Warakomska 2019"]
[Site "Suwalki"]
[Date "2019.08.12"]
[Round "9.40"]
[White "Kokoszczynski, Jan"]
[Black "Selbes, Tarik"]
[Result "1-0"]
[ECO "E06"]
[WhiteElo "2238"]
[BlackElo "2342"]
[Annotator "ChessBase"]
[PlyCount "87"]
[EventDate "2019.08.05"]
[EventType "swiss"]
[EventCountry "POL"]
[SourceTitle "playchess.com"]
[Source "ChessBase"]
[SourceQuality "1"]
[TimeControl "40/5400+30:1800+30"]

1. d4 Nf6 2. c4 e6 3. Nf3 d5 4. g3 Be7 5. Bg2 O-O 6. O-O dxc4 7. Ne5 Nc6 8. Bxc6 bxc6 9. Nxc6 Qd7 10. Nxe7+ Qxe7 11. Qc2 c5 12. Qxc4 cxd4 13. Qxd4 e5 14. Qh4 h6 15. Nc3 Qe6 16. e4 Rb8 17. f3 Ba6 18. Rd1 Qb6+ 19. Kg2 Rfd8 20. g4 Rxd1 21. Nxd1 Qd4 22. Nc3 Qd3 23. Qf2 h5 24. h3 Nd7 25. Be3 Rxb2 26. Qxb2 Qxe3 27. Rd1 Nb6 28. Rd8+ Kh7 29. Qd2 Bf1+ 30. Kxf1 Qxf3+ 31. Qf2 Qxh3+ 32. Ke2 Qxg4+ 33. Qf3 Qg5 34. Qf5+ Qxf5 35. exf5 g6 36. Nd5 Nc4 37. Kd3 Na5 38. f6 g5 39. Ke4 h4 40. Rc8 g4 41. Kf5 g3 42. Rf8 g2 43. Rxf7+ Kh6 44. Rg7 1-0

[Event "3rd Memorial Warakomska 2019"]
[Site "Suwalki"]
[Date "2019.08.12"]
[Round "9.41"]
[White "Czarniecka, Aleksandra"]
[Black "Sowul, Bartosz"]
[Result "0-1"]
[ECO "B37"]
[WhiteElo "2042"]
[BlackElo "2210"]
[Annotator "NA"]
[PlyCount "88"]
[EventDate "2019.08.05"]
[EventType "swiss"]
[EventCountry "POL"]
[SourceTitle "playchess.com"]
[Source "ChessBase"]
[SourceQuality "1"]
[TimeControl "40/5400+30:1800+30"]

1. e4 c5 2. Nf3 Nc6 3. d4 cxd4 4. Nxd4 g6 5. c4 Bg7 6. Nc2 e6 7. Be2 Nge7 8. Nc3 f5 9. exf5 Nxf5 10. Ne3 Nfd4 11. O-O Nxe2+ 12. Nxe2 O-O 13. Rb1 b6 14. b3 d5 15. Ba3 d4 16. Bxf8 Kxf8 17. Ng3 Kg8 18. Nc2 Bb7 19. Ne1 e5 20. Nd3 h5 21. Ne4 Ne7 22. Qe2 Nf5 23. Rfd1 Qh4 24. Re1 Re8 25. c5 Ba6 26. Qc2 Ne3 27. fxe3 Qxe4 28. Nb4 Qxc2 29. Nxc2 bxc5 30. Rbd1 d3 31. Na3 e4 32. Nc4 Bxc4 33. bxc4 Re6 34. Rb1 Ra6 35. Rb8+ Kh7 36. Re8 Rxa2 37. Rxe4 d2 38. Rd1 Ra1 39. Rxa1 Bxa1 40. Re7+ Kh6 41. Rd7 Bd4 42. exd4 d1=Q+ 43. Kf2 Qd2+ 44. Kf1 cxd4 0-1

[Event "3rd Memorial Warakomska 2019"]
[Site "Suwalki"]
[Date "2019.08.12"]
[Round "9.42"]
[White "Lisowski, Krzysztof"]
[Black "Wolanski, Michal"]
[Result "1-0"]
[ECO "B20"]
[WhiteElo "2187"]
[BlackElo "2007"]
[Annotator "ChessBase"]
[PlyCount "87"]
[EventDate "2019.08.05"]
[EventType "swiss"]
[EventCountry "POL"]
[SourceTitle "playchess.com"]
[Source "ChessBase"]
[SourceQuality "1"]
[TimeControl "40/5400+30:1800+30"]

1. e4 c5 2. d3 g6 3. f4 Bg7 4. Nf3 Nc6 5. g3 d6 6. Bg2 e5 7. O-O Nge7 8. f5 gxf5 9. Nh4 fxe4 10. dxe4 Qc7 11. Na3 O-O 12. Nc4 Be6 13. Ne3 Qd7 14. Qh5 f6 15. Nhf5 Nxf5 16. Nxf5 Bxf5 17. Rxf5 Qf7 18. Qh4 Ne7 19. Rh5 Qg6 20. Bh3 f5 21. Bg5 Bf6 22. Rf1 f4 23. gxf4 exf4 24. Be6+ Kh8 25. Rxh7+ Qxh7 26. Bxf6+ Rxf6 27. Qxf6+ Qg7+ 28. Qxg7+ Kxg7 29. Rxf4 Rf8 30. Rxf8 Kxf8 31. Bd5 b6 32. Kf2 Kg7 33. Kg3 Kf6 34. h4 Ng6 35. h5 Ne5 36. Kf4 Nd7 37. Bg8 Kg7 38. Be6 Nf6 39. Bg4 b5 40. Be2 c4 41. e5 Nd5+ 42. Ke4 c3 43. b3 Nb4 44. exd6 1-0

[Event "3rd Memorial Warakomska 2019"]
[Site "Suwalki"]
[Date "2019.08.12"]
[Round "9.43"]
[White "Maj, Pawel"]
[Black "Leskiewicz, Ignacy"]
[Result "1/2-1/2"]
[ECO "A10"]
[WhiteElo "2127"]
[BlackElo "2120"]
[Annotator "NA"]
[PlyCount "95"]
[EventDate "2019.08.05"]
[EventType "swiss"]
[EventCountry "POL"]
[SourceTitle "playchess.com"]
[Source "ChessBase"]
[SourceQuality "1"]
[TimeControl "40/5400+30:1800+30"]

1. c4 g6 2. Nc3 Bg7 3. g3 Nf6 4. Bg2 O-O 5. e4 d6 6. Nge2 c5 7. Rb1 Nc6 8. a3 a5 9. O-O Nd4 10. d3 Nxe2+ 11. Qxe2 Nd7 12. f4 e6 13. Nb5 Nb8 14. b4 axb4 15. axb4 cxb4 16. d4 Nc6 17. Rd1 d5 18. e5 b6 19. Qc2 Ne7 20. Nd6 Nf5 21. Nxf5 gxf5 22. cxd5 exd5 23. Qb3 Be6 24. Bd2 Qd7 25. Bxb4 Rfc8 26. Rd2 Qb5 27. Bf1 Qa4 28. Qxa4 Rxa4 29. Bd6 Bf8 30. Bxf8 Kxf8 31. Kf2 Rb8 32. Rb5 Ra5 33. Rdb2 Ra4 34. Ke3 Ra1 35. Bg2 Rc8 36. Bxd5 Bxd5 37. Rxd5 Rc3+ 38. Kf2 h5 39. Rdb5 h4 40. gxh4 Rh3 41. Kg2 Rxh4 42. d5 Rg4+ 43. Kf3 Rf1+ 44. Rf2 Rxf2+ 45. Kxf2 Rxf4+ 46. Kg3 Re4 47. d6 Ke8 48. Rxb6 1/2-1/2

[Event "3rd Memorial Warakomska 2019"]
[Site "Suwalki"]
[Date "2019.08.12"]
[Round "9.44"]
[White "Bommini Mounika Akshaya"]
[Black "Balinski, Damian"]
[Result "1-0"]
[ECO "A88"]
[WhiteElo "2063"]
[BlackElo "2176"]
[Annotator "NA"]
[PlyCount "98"]
[EventDate "2019.08.05"]
[EventType "swiss"]
[EventCountry "POL"]
[SourceTitle "playchess.com"]
[Source "ChessBase"]
[SourceQuality "1"]
[TimeControl "40/5400+30:1800+30"]

1. d4 f5 2. Nf3 Nf6 3. g3 g6 4. Bg2 Bg7 5. O-O O-O 6. c4 d6 7. Nc3 c6 8. Qc2 Na6 9. a3 Qe8 10. b4 e5 11. e3 e4 12. Nd2 g5 13. f3 d5 14. cxd5 cxd5 15. b5 Nb8 16. fxe4 dxe4 17. Nc4 Be6 18. Nd2 Nbd7 19. a4 Rc8 20. Qb2 h5 21. a5 Ng4 22. Nb3 Bc4 23. Re1 h4 24. Bf1 hxg3 25. hxg3 Qf7 26. Ra3 Rfe8 27. Bxc4 Qxc4 28. Nd2 Qf7 29. Qb3 Qxb3 30. Rxb3 Nxe3 31. Rxe3 Bxd4 32. Ne2 f4 33. gxf4 Bxe3+ 34. Rxe3 gxf4 35. Rxe4 Rxe4 36. Nxe4 f3 37. N2c3 Rc4 38. Bd2 a6 39. bxa6 bxa6 40. Kf2 Ne5 41. Bf4 Nc6 42. Bc7 Ne7 43. Bb6 Nc8 44. Be3 Nd6 45. Kxf3 Nxe4 46. Nxe4 Rc2 47. Bb6 Kf7 48. Nc5 Rxc5 49. Bxc5 Ke6 1-0